 Dungeon Crawl Stone Soup version 0.28.0-43-g3370ac3207 (webtiles) character file.

Game seed: 2335239515311379107

4996 Peloso the Carver (level 10, -10/79 (86) HPs)
             Began as a Minotaur Fighter on Mar 19, 2022.
             Was an Elder of Okawaru.
             Mangled by a tentacled starspawn (16 damage)
             ... on level 2 of the Abyss.
             The game lasted 00:14:23 (7725 turns).

Peloso the Carver (Minotaur Fighter)                Turns: 7725, Time: 00:14:24

HP:   -10/79 (86)   AC: 12    Str: 23    XL:     10   Next: 29%
MP:   6/7           EV:  8    Int:  5    God:    Okawaru [****..]
Gold: 484           SH: 15    Dex: 12    Spells: 9/9 levels left

rFire   . . .      SeeInvis .   a - +0 long sword
rCold   . . .      Faith    .   c - +0 tower shield
rNeg    . . .      Spirit   .   k - +0 plate armour
rPois   +          Reflect  .   x - +1 hat
rElec   .          Harm     .   p - +1 cloak {rPois}
rCorr   .          Rampage  .   (no gloves)
Will    .....                   (no boots)
Stlth   ..........              r - amulet of regeneration
HPRegen 1.03/turn               i - +4 ring of evasion
MPRegen 0.10/turn               (no ring)

@: drained
A: horns 2, retaliatory headbutt, [deformed body], [low MP 2]
a: Renounce Religion, Heroism, Finesse


You were on level 2 of the Abyss.
You worshipped Okawaru.
Okawaru was greatly pleased with you.
You visited 1 branch of the dungeon, and saw 9 of its levels.
You visited the Abyss 1 time.
You also visited: Ossuary.

You collected 484 gold pieces.

Inventory:

Hand Weapons
 a - a +0 long sword (weapon)
 b - a +3 spear of flaming
Armour
 c - a +0 tower shield (worn)
 k - a +0 plate armour (worn)
 p - a +1 cloak of poison resistance (worn)
 x - a +1 hat (worn)
Jewellery
 i - a +4 ring of evasion (left hand)
 r - an amulet of regeneration (around neck)
 y - a ring of positive energy
Wands
 t - a wand of paralysis (2)
 v - a wand of acid (21)
 D - a wand of iceblast (4)
Scrolls
 h - 2 scrolls of enchant armour {unknown}
 j - a scroll of fog {unknown}
 l - a scroll of immolation
 m - 8 scrolls of identify
 n - a scroll of teleportation
 o - a scroll of fear {unknown}
 s - a scroll of enchant weapon {unknown}
 u - 5 scrolls of noise
 w - a scroll of vulnerability {unknown}
 C - 2 scrolls of magic mapping {unknown}
 E - a scroll of silence {unknown}
Potions
 d - a potion of might
 e - a potion of ambrosia
 f - 2 potions of curing {unknown}
 q - 2 potions of lignification {unknown}
 z - 2 potions of brilliance {unknown}
 A - 2 potions of haste {unknown}
 B - a potion of heal wounds {unknown}
 F - a potion of berserk rage {unknown}


   Skills:
 + Level 7.6 Fighting
 + Level 11.3 Long Blades
 + Level 9.4 Armour
 + Level 1.0 Dodging
 + Level 3.1 Stealth
 + Level 8.7 Shields
 + Level 0.1 Invocations
 + Level 1.2 Evocations


You had 9 spell levels left.
You didn't know any spells.
Your spell library contained the following spells:

 Spells                   Type           Power      Damage    Failure   Level
 Beastly Appendage        Tmut           0%         N/A       100%        1
 Wereblood                Tmut           0%         N/A       100%        2
 Spider Form              Tmut/Pois      0%         N/A       100%        3
 Airstrike                Air            0%         N/A       100%        4
 Lightning Bolt           Conj/Air       0%         1d11      100%        5
 Summon Lightning Spire   Summ/Air       Unusable   N/A       N/A         4

Dungeon Overview and Level Annotations

Branches:
Dungeon (9/15)             Temple (0/1) D:7            Lair (0/6) D:9
Ossuary (visited)
    Orc: D:9-12

Altars:
Dithmenos
Hepliaklqana
Makhleb
Nemelex Xobeh
Okawaru
Qazlal
Ru
Sif Muna
Trog
Xom
The Shining One

Shops:
D:1 =   D:6 *   D:7 *

Annotations:
D:9 Erolcha


Innate Abilities, Weirdness & Mutations

You have a pair of horns on your head.
You reflexively headbutt those who attack you in melee.
[Armour fits poorly on your strangely shaped body.]
[Your magical capacity is very low. (-20% MP)]


Message History

You slash the tentacled starspawn!
The tentacled starspawn is moderately damaged.
You hit the tentacled starspawn. You headbutt the tentacled starspawn.
The tentacled starspawn is moderately damaged.
The tentacled starspawn bites you but does no damage.
The tentacled starspawn tentacle-slaps you but does no damage.
Unknown command.
You barely miss the tentacled starspawn.
The tentacled starspawn is moderately damaged.
The tentacled starspawn completely misses you.
The tentacled starspawn tentacle-slaps you but does no damage.
Unknown command.
You barely miss the tentacled starspawn.
The tentacled starspawn is moderately damaged.
The tentacled starspawn bites you!
The tentacled starspawn tentacle-slaps you!
You hit the tentacled starspawn but do no damage.
The tentacled starspawn is moderately damaged.
The tentacled starspawn bites you!
The tentacled starspawn completely misses you.
You slash the tentacled starspawn!
The tentacled starspawn is moderately damaged.
You barely miss the tentacled starspawn.
The tentacled starspawn is moderately damaged.
You slash the tentacled starspawn!
The tentacled starspawn is heavily damaged.
You feel like a meek peon again.
The tentacled starspawn closely misses you.
You block the tentacled starspawn's attack.
You barely miss the tentacled starspawn.
The tentacled starspawn is heavily damaged.
The tentacled starspawn completely misses you.
The tentacled starspawn tentacle-slaps you.
Unknown command.
You slash the tentacled starspawn!
The tentacled starspawn is heavily damaged.
The tentacled starspawn bites you!!
* * * LOW HITPOINT WARNING * * *
The tentacled starspawn tentacle-slaps you!
You die...

## ## # # #
#.
######.####..
. .
#..@Xw......#
# #
############.
#. . #. ...
.. .# .. #
##.. #.#. # #
...... # #.##
#.# .. .
#.#..


ww# #....# # . . .X# . . . You could see a tentacled starspawn and a starspawn
tentacle.

Vanquished Creatures
  A jiangshi (Abyss:1)
  A two-headed ogre (D:8)
  Maurice (D:8)
  Maggie (D:6)
  Prince Ribbit (D:7)
  Grinder (D:3)
  Sigmund (D:3)
  A shadow (D:7)
  A yak (D:9)
  A wyvern (D:8)
  A steam dragon (D:8)
  Duvessa (D:7)
  An orc warrior (D:7)
  An ice beast (D:7)
  2 black bears (D:9)
  An ogre (D:6)
  2 phantoms
  2 gnoll sergeants (D:7)
  6 bullfrogs
  3 water moccasin zombies
  Dowan (D:7)
  4 wights
  An electric eel (D:7)
  A jelly (D:8)
  2 orc priests (D:7)
  5 hounds
  Crazy Yiuf (D:2)
  3 iron imps (D:3)
  Jessica (D:3)
  6 iguanas
  Ijyb (D:3)
  6 orc wizards
  Natasha (D:3)
  A killer bee zombie (D:5)
  2 mummies (Ossuary)
  A howler monkey zombie (D:5)
  5 adders
  4 gnolls (D:7)
  A howler monkey skeleton (D:6)
  An ufetubus (D:7)
  4 adder zombies (Ossuary)
  An adder skeleton (D:4)
  3 worms
  A dart slug (D:5)
  23 orcs
  6 ball pythons
  5 endoplasms
  2 giant cockroaches
  3 gnoll zombies (Ossuary)
  9 goblins
  5 hobgoblins
  4 jackals (D:1)
  4 quokkas
  4 bats
  6 frilled lizards
  4 hobgoblin zombies (Ossuary)
  5 kobolds
  7 kobold zombies (Ossuary)
  4 orc zombies (Ossuary)
  3 rats
181 creatures vanquished.

Vanquished Creatures (others)
  A fungus (D:3)
  3 plants (D:9)
  5 starspawn tentacles (Abyss:2)
9 creatures vanquished.

Grand Total: 190 creatures vanquished

Notes
Turn   | Place    | Note
-------+----------+-------------------------------------------
     0 | D:1      | Peloso the Minotaur Fighter began the quest for the Orb.
     0 | D:1      | Reached XP level 1. HP: 19/19 MP: 0/0
   200 | D:1      | Reached XP level 2. HP: 27/27 MP: 1/1
   500 | D:1      | Found Isaw's Jewellery Emporium.
   858 | D:2      | Reached XP level 3. HP: 32/33 MP: 2/2
  1113 | D:2      | Found a runed translucent door.
  1114 | D:2      | Noticed Crazy Yiuf
  1122 | D:2      | Killed Crazy Yiuf
  1123 | D:2      | Reached skill level 5 in Armour
  1123 | D:2      | Reached XP level 4. HP: 36/40 MP: 3/3
  1604 | D:3      | Noticed Jessica
  1612 | D:3      | Killed Jessica
  1614 | D:3      | Noticed Grinder
  1620 | D:3      | Reached skill level 3 in Long Blades
  1893 | D:3      | Paralysed by Grinder for 3 turns
  1897 | D:3      | Killed Grinder
  1898 | D:3      | Reached skill level 4 in Long Blades
  1898 | D:3      | Reached XP level 5. HP: 38/47 MP: 4/4
  1898 | D:3      | Reached XP level 6. HP: 43/53 MP: 5/5
  2092 | D:3      | Reached skill level 5 in Long Blades
  2092 | D:3      | Found a burning altar of Makhleb.
  2192 | D:3      | Found a sacrificial altar of Ru.
  2247 | D:3      | Noticed Sigmund
  2265 | D:3      | Killed Sigmund
  2266 | D:3      | Reached skill level 6 in Long Blades
  2266 | D:3      | Reached XP level 7. HP: 60/60 MP: 6/6
  2284 | D:3      | Noticed Ijyb
  2290 | D:3      | Paralysed by Ijyb for 7 turns
  2303 | D:3      | Killed Ijyb
  2345 | D:3      | Found a faded altar of an unknown god.
  2414 | D:3      | Noticed Natasha
  2428 | D:3      | Killed Natasha
  2903 | D:4      | Reached skill level 5 in Fighting
  3271 | D:4      | Found a shimmering altar of Xom.
  3453 | D:3      | Found a shimmering blue altar of Sif Muna.
  3504 | D:5      | Entered Level 5 of the Dungeon
  3518 | D:5      | Reached skill level 7 in Long Blades
  3615 | D:5      | Found a glowing golden altar of the Shining One.
  3668 | D:5      | Found a sparkling altar of Nemelex Xobeh.
  3686 | D:5      | Reached skill level 5 in Shields
  3740 | D:5      | Reached XP level 8. HP: 70/70 MP: 7/7
  3992 | D:5      | Found an iron altar of Okawaru.
  3999 | D:5      | Became a worshipper of Warmaster Okawaru
  4322 | D:6      | Found a hazy altar of Hepliaklqana.
  4393 | D:6      | Reached skill level 8 in Long Blades
  4441 | D:6      | Found Hido's Lightly-Used Armoury.
  4465 | D:6      | Noticed Maggie
  4479 | D:6      | Killed Maggie
  4480 | D:6      | Reached skill level 1 in Stealth
  4484 | D:6      | Reached * piety under Okawaru
  4656 | D:6      | Found a bloodstained altar of Trog.
  4685 | D:6      | Reached skill level 9 in Long Blades
  5326 | D:7      | Found Qeekk's Assorted Antiques.
  5336 | D:7      | Noticed Prince Ribbit
  5340 | D:7      | Killed Prince Ribbit
  5341 | D:7      | Reached XP level 9. HP: 60/77 MP: 8/8
  5382 | D:7      | Noticed Dowan
  5382 | D:7      | Noticed Duvessa
  5405 | D:7      | Killed Duvessa
  5413 | D:7      | Killed Dowan
  5572 | D:7      | Reached ** piety under Okawaru
  5608 | D:7      | Found a sand-covered staircase.
  5617 | Ossuary  | Entered an ossuary
  5836 | D:7      | Found a staircase to the Ecumenical Temple.
  5867 | D:7      | Reached skill level 10 in Long Blades
  6009 | D:7      | Reached skill level 1 in Dodging
  6223 | D:7      | Found a shadowy altar of Dithmenos.
  6403 | D:8      | Noticed Maurice
  6429 | D:8      | Found a stormy altar of Qazlal.
  6655 | D:8      | Noticed a two-headed ogre
  6662 | D:8      | Killed a two-headed ogre
  6662 | D:8      | Reached *** piety under Okawaru
  6663 | D:8      | Reached skill level 11 in Long Blades
  6663 | D:8      | Reached skill level 1 in Evocations
  6663 | D:8      | Reached XP level 10. HP: 84/86 MP: 9/9
  7041 | D:8      | Killed Maurice
  7190 | D:9      | Found a staircase to the Lair.
  7205 | D:9      | Reached **** piety under Okawaru
  7243 | D:9      | Noticed Erolcha
  7390 | D:9      | Cast into level 1 of the Abyss (Erolcha)
  7487 | Abyss:1  | Found a corrupted altar of Lugonu.
  7496 | Abyss:1  | Noticed a vampire mage
  7496 | Abyss:1  | Noticed a jiangshi
  7497 | Abyss:1  | Noticed a jiangshi
  7508 | Abyss:1  | Killed a jiangshi
  7509 | Abyss:1  | Noticed a phantasmal warrior
  7510 | Abyss:1  | Noticed a deep elf sorcerer
  7512 | Abyss:1  | Noticed a jiangshi
  7639 | Abyss:2  | Noticed a wretched star
  7687 | Abyss:2  | Noticed a tentacled starspawn
  7725 | Abyss:2  | Mangled by a tentacled starspawn

Illustrated notes

Levels and vault maps discovered:
D:1:      grunt_arrival_lava_bath, layout_rooms, serial_shops,
          nicolae_shop_hallway_plus, minmay_misc_feat_plants
D:2:      layout_basic, uniq_crazy_yiuf_cottage
D:3:      layout_basic, demons_altar, nicolae_ru_the_path_less_chosen,
          nicolae_overflow_ecumenical_swirl, serial_curves, eino_curves_04,
          eino_curves_02, eino_curves_04, uniq_jessica, uniq_grinder,
          uniq_sigmund, uniq_natasha, uniq_ijyb
D:4:      minmay_razor_zed, layout_basic, lemuel_tele_altar,
          serial_corexii_hall, corexii_hall_statues_t, corexii_hall_statues_i,
          corexii_hall_statues_s, minmay_misc_feat_tiny,
          minmay_misc_feat_enclosed
D:5:      layout_loops_ring, tso_metal_star, nemelex_xobeh_ov_fountains_minmay,
          okawaru_metal_pillars_3
D:6:      layout_layer_cave, bloody_trog, mainiacjoe_overflow_small_starburst,
          minivault_10, minmay_shop_damaged, uniq_maggie
D:7:      cheibrodos_helix_gallery, layout_basic, grunt_dithmenos_smoke,
          minmay_temple_entry_junction, nicolae_ossuary_entry_ruins,
          serial_shops, shop, minmay_holes, uniq_prince_ribbit1, uniq_duvessa
D:8:      layout_cave_pods, grunt_qazlal_sundering, minmay_statues_item,
          uniq_maurice
D:9:      layout_loops_ring, david_lair_generic, minmay_radiant, uniq_erica,
          uniq_pikel, uniq_erolcha
Abyss:2:  base:
D:9

Skill      XL: |  1  2  3  4  5  6  7  8  9 10 |
---------------+-------------------------------+-----
Fighting       | 4 5 6 7 |  7.6
Shields        | 4 5 6 8 |  8.7
Armour         | 4 5 6 7 8 9 |  9.4
Long Blades    | 4 6 7 9 11 | 11.3
Stealth        | 2 3 |  3.1
Dodging        | 1 |  1.0
Evocations     | 1 |  1.2
Invocations    | |  0.1

Action                   |  1- 3 |  4- 6 |  7- 9 | 10-12 || total
-------------------------+-------+-------+-------+-------++-------
Melee: Long sword        |    74 |    73 |   392 |    85 ||   624
       Headbutt          |     8 |    11 |    73 |    18 ||   110
Invok: Heroism           |       |       |     1 |     3 ||     4
Evoke: Wand              |       |       |     7 |     1 ||     8
  Use: Scroll            |       |     2 |     1 |     5 ||     8
       Potion            |       |       |       |     3 ||     3
 Stab: Paralysed         |       |       |     5 |     4 ||     9
Armor: Chain mail        |    27 |       |       |       ||    27
       Scale mail        |     2 |       |       |       ||     2
       Plate armour      |    12 |    45 |   155 |    66 ||   278
Dodge: Dodged            |    38 |    43 |    94 |    21 ||   196
Block: Buckler           |    13 |    20 |    20 |       ||    53
       Tower shield      |       |       |   188 |    68 ||   256
